 Dungeon Crawl Stone Soup version 0.17-a0-702-gb3a3556 (webtiles) character file.

1039 Trafet the Grappler (level 8, -1/67 HPs)
             Began as a Troll Wizard on Apr 19, 2015.
             Was an Initiate of Sif Muna.
             Slain by namelastname112's ghost (13 damage)
             ... on level 6 of the Dungeon.
             The game lasted 00:12:24 (3398 turns).

Trafet the Grappler (Troll Wizard)                  Turns: 3398, Time: 00:12:24

Health: -1/67      AC:  7    Str: 16    XL:     8   Next: 4%
Magic:  10/10      EV:  4    Int: 20    God:    Sif Muna [......]
Gold:   376        SH:  0    Dex:  8    Spells: 4 memorised, 3 levels left

rFire  . . .     SeeInvis .       - Unarmed
rCold  . . .     Clarity  .     a - +0 robe
rNeg   . . .     SustAb   .     (no shield)
rPois  .         Gourm    +     b - +2 hat
rElec  .         Spirit   .     (no cloak)
rCorr  .         Warding  .     (gloves unavailable)
rMut   .         Stasis   .     (boots unavailable)
MR     .....                    u - amulet of rage
Stlth  +.........               (no ring)
                                o - +4 ring of intelligence

@: not resistant to hostile enchantments, very unstealthy
A: unfitting armour, claws 3, fast metabolism 3, gourmand, regeneration 2,
shaggy fur 1, tough skin 2
a: Renounce Religion, Evoke Berserk Rage


You were on level 6 of the Dungeon.
You worshipped Sif Muna.
Sif Muna was noncommittal.
You were very full.

You visited 2 branches of the dungeon, and saw 7 of its levels.

You collected 376 gold pieces.

Inventory:

Armour
 a - a +0 robe (worn)
 b - a +2 hat (worn)
Jewellery
 f - an uncursed amulet of clarity
 o - a +4 ring of intelligence (left claw)
 u - an amulet of rage (around neck)
Scrolls
 j - a scroll of remove curse
 l - 3 scrolls of fear {unknown}
 q - a scroll of amnesia {unknown}
Potions
 e - a potion of beneficial mutation
 g - a potion of magic
 n - a potion of agility
 p - a potion of might {unknown}
 s - a potion of degeneration {unknown}
 t - 2 potions of poison {unknown}
 v - a potion of cancellation {unknown}
Books
 c - a book of Minor Magic

   Spells                             Type                      Level
   a - Magic Dart                     Conjuration                  1
   b - Blink                          Translocation                2
   c - Call Imp                       Summoning                    2
   d - Repel Missiles                 Charms/Air                   2
   e - Slow                           Hexes                        2
   f - Conjure Flame                  Conjuration/Fire             3
   g - Mephitic Cloud                 Conjuration/Poison/Air       3
Comestibles
 d - 4 bread rations
 h - 2 meat rations
 i - a royal jelly
 k - 4 fruits
 r - 3 beef jerkies


   Skills:
 - Level 1.5 Dodging
 - Level 1.1 Stealth
 * Level 8.7 Unarmed Combat
 - Level 2.0 Spellcasting
 + Level 2.4 Conjurations
   Level 0.6 Summonings
 - Level 0.6 Translocations


You had 3 spell levels left.
You knew the following spells:

 Your Spells              Type           Power        Failure   Level  Hunger
a - Magic Dart            Conj           ##..         10%         1    #......
b - Blink                 Tloc           N/A          21%         2    ##.....
c - Repel Missiles        Chrm/Air       #.....       24%         2    ##.....
d - Mephitic Cloud        Conj/Pois/Air  #.......     38%         3    ###....


Dungeon Overview and Level Annotations

Branches:
Dungeon (6/15)             Temple (1/1) D:5

Altars:
Ashenzari
Dithmenos
Fedhas
Kikubaaqudgha
Makhleb
Ru
Sif Muna
Trog
Xom
Yredelemnul
Zin
The Shining One

Annotations:
D:6 namelastname112's ghost, average FeTm


Innate Abilities, Weirdness & Mutations

You are too large for most types of armour.
You have claws for hands.
Your metabolism is lightning-fast.
You like to eat raw meat.
You heal very quickly.
You are covered in fur (AC +1).
You have very tough skin (AC +2).


Message History

You feel sick.
Namelastname112's ghost closely misses you.
The shadow imp gestures at you. Pain shoots through your body!
* * * LOW HITPOINT WARNING * * *
The shadow imp lashes its tail.
The shadow imp throws its arms wide.
You feel sick.
You are no longer poisoned.
You see here a metallic puce potion.
Namelastname112's ghost whispers, "The ORB doesn't exist."
The rat twitches its whiskers.
The giant gecko barely misses you. Namelastname112's ghost hits you!
* * * LOW HITPOINT WARNING * * *
You see here 2 chunks of flesh.
There is a stone staircase leading up, spattered with blood here.
The giant gecko bites you but does no damage.
Namelastname112's ghost says, "I have plenty of time to study, now."
Namelastname112's ghost hits you!
You die...

#####.##... ###.........#
#...##!#
############.##...#
##.....#.........###
##.?.........).#### #
#...............# #. .
#.........W.....# .. !..
#........@l.!Z..# .#....
#...........r...####.#....
#...).....................
##..............5###......
##.....#..........†......
#####...##....[.####....
#...##.####..# ..
#.......# #...# #..#####
##..#


You could see namelastname112's ghost, a shadow imp, a giant gecko, a rat and a
giant gecko skeleton.

Vanquished Creatures
  Prince Ribbit (D:6)
  A sky beast (D:5)
  A black bear (D:6)
  A centaur (D:5)
  A scorpion (D:5)
  A crimson imp (D:5)
  A hound (D:4)
  An iguana (D:5)
  5 orc wizards
  An orc priest (D:4)
  4 worker ants
  7 adders
  3 worms (D:2)
  An adder skeleton (D:4)
  3 giant geckos
  10 orcs
  3 ball pythons
  2 bat skeletons
  2 giant cockroaches (D:2)
  11 goblins
  9 hobgoblins
  4 jackals
  3 quokkas
  12 bats
  2 giant newts (D:3)
  8 kobolds
  8 rats
106 creatures vanquished.

Notes
Turn   | Place    | Note
--------------------------------------------------------------
     0 | D:1      | Trafet, the Troll Wizard, began the quest for the Orb.
     0 | D:1      | Reached XP level 1. HP: 16/16 MP: 2/2
   110 | D:1      | Reached skill level 1 in Unarmed Combat
   210 | D:1      | Reached XP level 2. HP: 21/24 MP: 4/4
   735 | D:2      | Found a blossoming altar of Fedhas.
   758 | D:2      | Reached XP level 3. HP: 27/31 MP: 5/5
   875 | D:2      | Reached skill level 3 in Unarmed Combat
   973 | D:2      | Found a basalt altar of Yredelemnul.
  1114 | D:2      | Found a glowing golden altar of the Shining One.
  1152 | D:2      | Reached XP level 4. HP: 39/39 MP: 6/6
  1287 | D:3      | Reached skill level 4 in Unarmed Combat
  1406 | D:3      | Found a shimmering altar of Xom.
  1407 | D:3      | Noticed an angel
  1409 | D:3      | Found a glowing silver altar of Zin.
  1420 | D:3      | Reached XP level 5. HP: 40/45 MP: 7/7
  1423 | D:3      | Reached skill level 5 in Unarmed Combat
  2172 | D:4      | Reached XP level 6. HP: 53/53 MP: 8/8
  2221 | D:4      | Reached skill level 6 in Unarmed Combat
  2402 | D:5      | Entered Level 5 of the Dungeon
  2412 | D:5      | Reached skill level 7 in Unarmed Combat
  2565 | D:5      | Reached XP level 7. HP: 59/59 MP: 9/9
  2629 | D:5      | Found a staircase to the Ecumenical Temple.
  2636 | Temple   | Entered the Ecumenical Temple
  2743 | Temple   | Became a worshipper of Sif Muna the Loreminder
  2754 | Temple   | Learned a level 2 spell: Blink
  2757 | Temple   | Learned a level 2 spell: Repel Missiles
  2761 | Temple   | Learned a level 3 spell: Mephitic Cloud
  2828 | D:5      | Found a shattered altar of Ashenzari.
  2922 | D:5      | Reached skill level 1 in Conjurations
  3079 | D:6      | Reached skill level 8 in Unarmed Combat
  3139 | D:6      | Noticed Prince Ribbit
  3323 | D:6      | Killed Prince Ribbit
  3323 | D:6      | Reached XP level 8. HP: 46/67 MP: 10/10
  3367 | D:6      | Noticed namelastname112's ghost (average FeTm)
  3398 | D:6      | Slain by namelastname112's ghost

Action                   |  1- 3 |  4- 6 |  7- 9 || total
-------------------------+-------+-------+-------++-------
Melee: Unarmed           |   108 |   145 |    89 ||   342
 Cast: Magic Dart        |     4 |       |       ||     4
  Use: Scroll            |       |    13 |       ||    13
  Eat: Chunk             |    16 |    12 |     8 ||    36
